[Event "CCT Julius Baer-D3 2024"]
[Site "Online"]
[Date "2024.09.28"]
[Round "53"]
[White "Niemann, Hans Moke"]
[Black "Hakobyan, Aram"]
[Result "1/2-1/2"]
[ECO "C11"]
[WhiteElo "2733"]
[BlackElo "2617"]
[Annotator "TA"]
[PlyCount "83"]
[EventDate "2024.09.25"]
[EventType "swiss"]
[EventCountry "NET"]
[SourceTitle "playchess.com"]
[Source "ChessBase"]
[SourceQuality "1"]
[TimeControl "600+2"]

1. e4 e6 2. d4 d5 3. Nc3 Nf6 4. e5 Nfd7 5. f4 c5 6. Nf3 Nc6 7. Be3 cxd4 8. Nxd4 Qb6 9. a3 Bc5 10. Ncb5 $1 {[%emt 0:00:01][%mdl 4] now scores much better than the old 10.Na4. C11: French: Classical System: 4 e5 and 4 Bg5 dxe4.} a6 11. b4 axb5 12. bxc5 Qxc5 13. Qd3 Qe7 14. Nxb5 O-O 15. Qc3 f6 16. exf6 Rxf6 17. Be2 e5 18. Nc7 $146 ({Predecessor:} 18. fxe5 Rf5 19. Bd4 Ndxe5 20. O-O-O Nxd4 21. Nxd4 Rf6 22. Rhe1 Bd7 23. Bf3 Qd6 24. Qb4 Nxf3 25. Nxf3 Rxa3 26. Qxd6 Rxd6 {½-½ Taylor,T (1908)-Wang,E (2293) Las Vegas 1000 GM op 2023 (1)}) 18... d4 19. Qc4+ Kh8 20. Nd5 (20. Nxa8 $16 b5) 20... Qd6 $11 (20... b5 $2 21. Qxc6 (21. Qxb5 Qe8 $14) 21... Rxc6 22. Nxe7 $18) 21. Nxf6 Nxf6 22. Bf2 $1 Be6 23. Qb5 (23. fxe5 $11 {keeps the balance.} Bxc4 (23... Qxe5 $2 24. Qb5 $18) 24. exd6) 23... Ne4 $1 $17 24. fxe5 (24. Qxb7 $2 Rb8 (24... Rxa3 $2 25. Rxa3 Qxa3 26. O-O $18) 25. fxe5 (25. Qa6 $2 Nc5 $19) 25... Qc5 $19) 24... Nxe5 25. Bg3 (25. Qxb7 $2 Bd5 (25... Rxa3 $2 26. Rxa3 Qxa3 27. Qxe4 $18) 26. Qb2 Nxf2 $19) (25. O-O $2 Nc3 (25... Rxa3 $2 26. Rxa3 h6 27. Ra5 $18) 26. Qb4 Nxe2+ 27. Kh1 Qc7 $19) 25... Nxg3 (25... Bd5 $1 $17 26. O-O Nc3) 26. hxg3 $11 d3 27. cxd3 (27. Qxb7 $2 Bd5 (27... Rxa3 28. Rxa3 Qxa3 29. Qb8+ Bg8 30. Qxe5 $16) 28. Qb5 Bc6 $19 (28... dxe2 $2 29. Qxe2 Re8 30. Rxh7+ Kxh7 31. Qh5+ Qh6 32. Qxh6+ Kxh6 33. c3 $19) (28... dxc2 29. O-O $11) (28... Bxg2 29. Rh5 $15) (28... Rb8 $2 29. Qxb8+ Qxb8 30. cxd3 $19) (28... dxe2 $2 29. Qxe2 Re8 30. Rxh7+ Kxh7 31. Qh5+ Qh6 32. Qxh6+ Kxh6 33. Kd2 $19) (28... dxc2 29. O-O $11) (28... Bxg2 $2 29. Rh5 $19) (28... Rb8 $2 29. Qa4 $19)) (27. Bxd3 Nxd3+ 28. Qxd3 Qe5+ 29. Kd2 Bf5 $19) 27... Qd4 28. Rc1 Qe3 29. Rc3 $2 (29. Kd1 $1 $11 {and White stays safe.}) 29... Bg4 $19 30. Qb2 Re8 (30... Qxg3+ 31. Kd1 Nxd3 (31... Qxg2 32. Re1 $17) 32. Qxb7 Nf2+ 33. Kc2 Bf5+ 34. Kb2 $17) 31. Qd2 {[%emt 0:00:21] [#]} Nf3+ $2 ({Weaker is} 31... Qxg3+ 32. Kd1 $11) (31... Qd4 $1 $19 {[%mdl 512] And now ...Bxe2 would win.} 32. Kd1 Nxd3 (32... Bxe2+ 33. Qxe2 Qxc3 34. Rxh7+ Kg8 35. Rh8+ Kf7 36. Qh5+ Ng6 37. Qf3+ Qf6 38. Qxb7+ Re7 39. Qd5+ Re6 40. Qd7+ Qe7 41. Rd8 $17)) 32. gxf3 $17 Qxf3 33. Rh2 Qxg3+ 34. Rf2 (34. Kd1 Qxh2 35. Bxg4 Qg1+ 36. Kc2 Qxg4) 34... Bxe2 35. Qxe2 Rxe2+ 36. Kxe2 h5 37. Rc4 Kh7 38. Rff4 $2 (38. Re4 $17) 38... Qg2+ (38... g5 $142 39. Rf3 Qg2+ 40. Rf2 Qd5) 39. Ke3 (39. Rf2 $142 Qd5 40. Kd2) 39... Qg3+ 40. Ke2 $1 Qg2+ 41. Ke3 $1 Qg3+ 42. Ke2 $1 1/2-1/2

[Event "CCT Julius Baer-D3 2024"]
[Site "Online"]
[Date "2024.09.28"]
[Round "53"]
[White "Navara, David"]
[Black "Alekseenko, Kirill"]
[Result "1/2-1/2"]
[ECO "D06"]
[WhiteElo "2681"]
[BlackElo "2679"]
[Annotator "RC"]
[PlyCount "193"]
[EventDate "2024.09.25"]
[EventType "swiss"]
[EventCountry "NET"]
[SourceTitle "playchess.com"]
[Source "ChessBase"]
[SourceQuality "1"]
[TimeControl "600+2"]

1. d4 d5 2. c4 c5 3. cxd5 Nf6 4. Nf3 cxd4 5. Nxd4 Nxd5 6. e4 Nf6 7. Bf4 Nc6 8. Nxc6 Qxd1+ 9. Kxd1 bxc6 10. f3 Nd7 11. Nd2 e5 12. Be3 Nb6 13. Nc4 Nxc4 14. Bxc4 Bd6 15. Kc2 Ke7 16. Rad1 Be6 17. Bxe6 Kxe6 18. Rd3 Be7 19. Rc3 Rhc8 20. Rd1 g6 21. Rc4 f5 22. Rd3 Rc7 23. h3 h5 24. Rdc3 Kd7 25. Ra4 a6 26. Rd3+ Ke6 27. Rb3 Kd7 28. Rb6 Rca7 29. Rc4 Rc7 30. Rb3 Ke6 31. Bb6 Rcc8 32. Rbc3 Kd7 33. Rd3+ Ke6 34. a4 Rab8 35. a5 Rb7 36. Rdc3 Kd7 37. b4 Rbb8 38. Kb3 Bf8 39. Rd3+ Ke6 40. Rc2 Be7 41. Rdc3 Kd7 42. Rd2+ Ke6 43. Ka4 Rb7 44. Rdc2 Kd7 45. Rc1 Bf8 46. g4 hxg4 47. hxg4 fxe4 48. fxe4 Be7 49. Rh1 Rbb8 50. Rh6 Rg8 51. Rh7 Rh8 52. Rg7 Rbg8 53. Rxg8 Rxg8 54. Rh3 Rf8 55. Rh7 Ke6 56. Bc5 Bxc5 57. bxc5 Rf4 58. Ra7 Rxe4+ 59. Kb3 Kd5 60. g5 Kxc5 61. Rxa6 Re3+ 62. Kb2 Rg3 63. Rb6 Rg2+ 64. Kb3 Rxg5 65. Rb8 Rg3+ 66. Kb2 Rg4 67. Kb3 Rg3+ 68. Kb2 Rf3 69. a6 Rf7 70. Rb7 Rf8 71. a7 Ra8 72. Kc3 g5 73. Kd3 Kd5 74. Rd7+ Ke6 75. Rc7 Kd6 76. Rg7 Kd5 77. Rd7+ Ke6 78. Rc7 Kf5 79. Rf7+ Kg6 80. Rc7 Kf5 81. Rf7+ Ke6 82. Rg7 Kf6 83. Rc7 g4 84. Ke4 g3 85. Kf3 Ke6 86. Kxg3 Kd6 87. Rb7 c5 88. Kf3 Kc6 89. Re7 Kb6 90. Re6+ Kb5 91. Re7 Kb6 92. Re6+ Kxa7 93. Rc6 Kb7 94. Rxc5 Rc8 95. Rxc8 Kxc8 96. Ke4 Kd8 97. Kxe5 1/2-1/2

[Event "CCT Julius Baer-D3 2024"]
[Site "Online"]
[Date "2024.09.28"]
[Round "53"]
[White "Alekseenko, Kirill"]
[Black "Navara, David"]
[Result "0-1"]
[ECO "C50"]
[WhiteElo "2679"]
[BlackElo "2681"]
[Annotator "TA"]
[PlyCount "92"]
[EventDate "2024.09.25"]
[EventType "swiss"]
[EventCountry "NET"]
[SourceTitle "playchess.com"]
[Source "ChessBase"]
[SourceQuality "1"]
[TimeControl "600+2"]

1. e4 e5 2. Nf3 Nc6 3. Bc4 Bc5 4. d3 Nf6 5. Nc3 h6 6. a3 a6 7. Be3 {[%emt 0:00:03] C50: Hungarian Defence and Giuoco Pianissimo.} d6 8. Bxc5 dxc5 9. Nd5 O-O 10. Ne3 Re8 11. O-O b5 $146 ({Predecessor:} 11... Qd6 12. a4 b6 13. Nh4 Ne7 14. g3 g5 15. Nhg2 Ng6 16. h4 gxh4 17. Kh2 h5 18. Nxh4 Nxh4 19. gxh4 {1-0 Alekseenko,K (2650)-Kourkoulos Arditis,S (2556) San Vicente op 8th 2024 (9)}) 12. Ba2 Be6 13. Bxe6 Rxe6 14. a4 g6 15. Nd2 Kg7 16. g3 Re8 17. b3 Qd4 (17... Qd7 {seems wilder.} 18. Kg2 Nd4 19. f4 exf4 20. Rxf4 Rad8) 18. Qc1 Qc3 19. Nd1 Qd4 20. Re1 Qd6 21. Ne3 Nd4 22. Kh1 h5 23. Qd1 h4 24. Nf3 hxg3 25. fxg3 Rh8 26. Rf1 Nxf3 (26... Rac8 $14) 27. Qxf3 $16 Qe6 28. Rf2 Nh7 29. Nd5 Rac8 30. axb5 axb5 31. Ra7 Ng5 32. Qe3 $1 (32. Nxc7 $2 Rxc7 33. Rxc7 Nxf3 $19) 32... Qg4 {[%emt 0:00:03] [#]} 33. Ra1 $1 (33. Qxc5 Qd1+ (33... Qxg3 34. Rxc7 Rxc7 35. Nxc7 $11) 34. Kg2 Rxh2+ 35. Kxh2 Rh8+ 36. Kg2 Qh1#) 33... Nh3 34. Rg2 ({White should try} 34. Rff1 $16) 34... c6 $11 35. Nc3 c4 36. bxc4 bxc4 37. d4 Ra8 38. Rf1 Ra3 39. dxe5 Rd8 40. Qb6 Rd7 $2 {[%emt 0:00:20] [#]} (40... Rda8 $11 {and Black stays safe.} 41. Qxc6 Ra1 42. Qf6+ (42. Qxc4 $2 Qe6 $19) 42... Kh6) 41. Qb2 $2 (41. e6 $1 $18 Qxe6 (41... fxe6 $2 42. Qb2 $18) 42. Qb2) 41... Rxc3 $1 $11 42. Qxc3 Rd1 43. e6+ (43. Qxc4 Qf3) 43... Kh7 44. Rgg1 $2 (44. exf7 $2 {is a self mate.} Rxf1+) (44. Qxc4 {leads to mate.} Qf3 (44... Qxe6 45. Qe2 $11) 45. Rxd1 Qxd1+) (44. Qf6 $11 fxe6 45. Qe7+ Kg8 46. Qf7+ Kh8 47. c3) 44... Qxe4+ 45. Qf3 Qxf3+ 46. Rxf3 Rxg1# 0-1

[Event "CCT Julius Baer-D3 2024"]
[Site "Online"]
[Date "2024.09.28"]
[Round "53"]
[White "Gelfand, Boris"]
[Black "Kamsky, Gata"]
[Result "1-0"]
[ECO "A81"]
[WhiteElo "2658"]
[BlackElo "2609"]
[Annotator "TA"]
[PlyCount "105"]
[EventDate "2024.09.25"]
[EventType "swiss"]
[EventCountry "NET"]
[SourceTitle "playchess.com"]
[Source "ChessBase"]
[SourceQuality "1"]
[TimeControl "600+2"]

1. d4 f5 2. g3 Nf6 3. Bg2 g6 4. Nf3 Bg7 5. O-O O-O 6. b3 (6. Nbd2 d6 7. Re1 Nc6 8. c3 e5 9. e4 Nxe4 10. Nxe4 fxe4 11. Rxe4 d5 12. Rh4 e4 13. Bg5 Bf6 14. Bxf6 Qxf6 15. Rf4 Bf5 16. Nh4 Ne7 17. Qb3 {0-1 Gelfand,B (2675)-Kamsky,G (2658) Biel blitz 54th 2021 (11)}) 6... c6 7. Bb2 a5 {[%emt 0:00:04] A81: Dutch Defence: 2 g3.} 8. c4 d5 9. Ne5 Ne4 10. Qc2 Be6 11. Rd1 $146 ({Predecessor:} 11. f3 Nf6 12. c5 Nbd7 13. Nd3 g5 14. e3 g4 15. Nf4 Bf7 16. Qxf5 gxf3 17. Bxf3 {1-0 Olarasu,G (2305)-Ciobanu,C (2251) ROM-ch (Women) 2003 (4.1)}) 11... Nd7 12. Nd3 Bf7 13. e3 a4 14. Na3 h5 15. f3 Nd6 16. c5 Ne8 17. b4 Nc7 18. Bc3 g5 19. Ne5 Be8 20. Qe2 Nxe5 21. dxe5 f4 22. gxf4 gxf4 23. Kh1 Qd7 24. Rg1 Qf5 25. Nc2 Nb5 26. Bb2 a3 27. Bd4 Bg6 (27... Bxe5 $2 28. Bh3+ $18) 28. Rac1 {[%emt 0:00:07] [#]} (28. e4 $17 Nxd4 29. Nxd4 Qxe5 30. Rad1 dxe4 31. fxe4) 28... Kh7 $1 $19 (28... Bxe5 29. Bh3 Qxh3 30. Bxe5 $11 (30. Rxg6+ Kf7 $17)) 29. exf4 (29. Ba1 {is a better defense.}) 29... Bh6 $19 (29... Qxf4 30. Be3 Qxe5 (30... Nc3 31. Qd2 $14) 31. Bf1) 30. Ba1 Qxf4 31. Rcd1 Qh4 (31... Qc4 $19 {is more deadly.} 32. Qxc4 dxc4) 32. Nd4 $17 Bf4 33. Bf1 Nc7 $2 ({Black should play} 33... Nxd4 $17 34. Bxd4 e6) 34. Bc3 $14 e6 $1 35. Be1 Qe7 36. Bh3 Rg8 (36... Rae8 $1 $14) 37. Bf2 (37. Bd2 $16 Bxd2 38. Qxd2) 37... Raf8 38. Rg2 Kh8 (38... Nb5 $5 39. Nxb5 (39. Nxe6 Nc3 $17) 39... cxb5 $11) 39. Rdg1 Bh7 $1 40. Qe1 Rxg2 41. Rxg2 Bg5 $1 42. Qg1 ({Better is} 42. b5 $14 cxb5 43. Qa5) 42... Rg8 {[%emt 0:00:08] [#]} (42... Bh6 $11) 43. Be3 ({White should try} 43. b5 $1 $16 cxb5 44. c6 (44. Bxe6 Nxe6 45. Nxe6 Qxe6 $17) 44... bxc6 45. Nxc6) 43... Bxe3 $1 $11 44. Rxg8+ Bxg8 45. Qxe3 Qh7 46. Kg2 Qg6+ 47. Kf2 Nb5 $1 48. Nxb5 cxb5 49. Bf1 Qc2+ 50. Kg3 Bh7 (50... h4+ $11 {keeps the balance.} 51. Kg4 Bh7) 51. Bh3 (51. Bxb5 $2 h4+ 52. Kxh4 Qxa2 $19) (51. Qg5 $16 {Hoping for Qf6+.} Qg6 52. Qxg6 Bxg6 53. Bxb5) 51... Qxa2 $2 (51... h4+ $11 52. Kxh4 Qxa2 (52... Qxh2 53. Qh6 $11)) 52. Qh6 h4+ 53. Qxh4 (53. Kxh4 Qf2+ (53... Qxh2 54. Qf6+ Kg8 55. Qxe6+ Kh8 56. Qf6+ Kg8 57. e6 Qf2+ 58. Kg5 Qe3+ 59. Kh5) 54. Kg4 Qg1+ (54... Qxh2 55. Qf6+ Kg8 56. Qxe6+ Kf8 57. Kg5 Qg3+ 58. Bg4 a2 59. Qf6+ Kg8 60. e6) 55. Kh5 a2 (55... Qxh2 56. Qf8+ Bg8 57. Qf6+ Kh7 58. Qh6#) 56. Qf8+ Qg8 57. Qf6+ Qg7 $19) 1-0

[Event "CCT Julius Baer-D3 2024"]
[Site "Online"]
[Date "2024.09.28"]
[Round "53"]
[White "Hakobyan, Aram"]
[Black "Niemann, Hans Moke"]
[Result "0-1"]
[ECO "D41"]
[WhiteElo "2617"]
[BlackElo "2733"]
[Annotator "RC"]
[PlyCount "58"]
[EventDate "2024.09.25"]
[EventType "swiss"]
[EventCountry "NET"]
[SourceTitle "playchess.com"]
[Source "ChessBase"]
[SourceQuality "1"]
[TimeControl "600+2"]

1. d4 Nf6 2. c4 e6 3. Nf3 d5 4. Nc3 c5 5. cxd5 cxd4 6. Qxd4 exd5 7. e4 dxe4 8. Qxd8+ Kxd8 9. Ng5 Be6 10. a3 Nbd7 11. Ncxe4 Nxe4 12. Nxe4 h6 13. Bf4 f5 14. Ng3 g5 15. Bd2 Bg7 16. O-O-O Rc8+ 17. Kb1 f4 18. Ne4 Bf5 19. Bd3 Ne5 20. Bc2 Rxc2 21. Ba5+ Ke7 22. Bb4+ Ke6 23. Kxc2 Bxe4+ 24. Kb3 Bxg2 25. Rhe1 Bd5+ 26. Ka4 Rd8 27. Bc3 Bc6+ 28. Kb3 Rxd1 29. Rxd1 Bf6 0-1

[Event "CCT Julius Baer-D3 2024"]
[Site "Online"]
[Date "2024.09.28"]
[Round "53"]
[White "Kamsky, Gata"]
[Black "Gelfand, Boris"]
[Result "1-0"]
[ECO "D00"]
[WhiteElo "2609"]
[BlackElo "2658"]
[Annotator "TA"]
[PlyCount "55"]
[EventDate "2024.09.25"]
[EventType "swiss"]
[EventCountry "NET"]
[SourceTitle "playchess.com"]
[Source "ChessBase"]
[SourceQuality "1"]
[TimeControl "600+2"]

1. d4 Nf6 2. Bf4 d5 3. e3 c5 4. c3 Nc6 5. Nd2 Bf5 6. Ngf3 Qb6 7. dxc5 Qxb2 8. Nd4 {[%emt 0:00:03] The position is equal.} Ne4 {[%emt 0:00:17] Threatens to win with ...Nxd2.} 9. Nxe4 Bxe4 10. Bb5 {[%emt 0:00:07] Hoping for 0-0.} Qxc3+ 11. Ke2 {[%emt 0:01:13] And now Qb3 would win.} Rc8 {[%emt 0:02:00] [#]} (11... Qxc5 $2 12. Qa4 e5 (12... Bxg2 $2 13. Rhc1 $18) 13. Rac1 $18) (11... Qb2+ $1 $15 {stays ahead.} 12. Qd2 Qxd2+ 13. Kxd2 Rc8 (13... Bxg2 $2 14. Nxc6 e5 15. Nxe5+ Ke7 16. Rhg1 $18)) 12. Qb3 $1 $36 {[%emt 0:00:21][%mdl 2048] White is in control. Black is on the road to losing.} Qxb3 (12... Qxc5 $2 13. Rhc1 Qb6 14. f3 $18) 13. axb3 {[%emt 0:00:03][%cal Of2f3] Black must now prevent f3!} g5 $2 {[%emt 0:00:10] [#]} (13... Bxg2 $2 14. Rhg1 Bh3 15. Rxa7 $18) (13... a6 $16 14. Bxc6+ bxc6) 14. Bxg5 $2 (14. Rxa7 $1 $18 e5 (14... gxf4 $2 {loses.} 15. Rxb7 Bg7 16. Nxc6 $18) 15. Bxe5 (15. Bxg5 exd4 16. exd4 Bg7 $17) 15... Bxc5 16. Rxb7 Bxd4 17. Bxh8 (17. Bxd4 O-O $16) 17... Bxh8 18. Rc1 (18. Bxc6+ Rxc6 19. Rb8+ Ke7 $15)) 14... f6 $2 (14... Rg8 $16 15. Bf4 Rxg2) 15. Bh4 {[%emt 0:00:35][%cal Of2f3] f3! would now be deadly.} Bxg2 16. Rhg1 Bh3 (16... Rg8 $142) 17. Rxa7 $18 Kf7 18. Rxb7 Nd8 {[%emt 0:00:02] [#]} 19. c6 Nxb7 (19... Rg8 20. Rxg8) 20. cxb7 Rb8 21. Nc6 (21. Bc6 $142) 21... Bh6 $2 (21... Bd7 {is more resistant.}) 22. Nxb8 {[%emt 0:00:05] White is clearly winning.} Rxb8 23. Ba6 d4 24. Rc1 dxe3 25. fxe3 Bg2 26. Rc7 Kg6 27. Rxe7 Bf8 28. Bg3 {[%emt 0:00:02] Weighted Error Value: White=0.37/Black=0.91.  Loses game:     	---       	Black=2      Missed win:     	White=1     	---        Mistake:       	White=1     	Black=3      Inaccurate:     	---       	Black=2      OK:         	White=5     	Black=7      Best:        	White=2     	---        Strong:       	White=1     	---} 1-0

[Event "CCT Julius Baer-D3 2024"]
[Site "Online"]
[Date "2024.09.28"]
[Round "53"]
[White "Bosiocic, Marin"]
[Black "Makarian, Rudik"]
[Result "0-1"]
[ECO "A05"]
[WhiteElo "2555"]
[BlackElo "2550"]
[Annotator "RC"]
[PlyCount "128"]
[EventDate "2024.09.25"]
[EventType "swiss"]
[EventCountry "NET"]
[SourceTitle "playchess.com"]
[Source "ChessBase"]
[SourceQuality "1"]
[TimeControl "600+2"]

1. Nf3 Nf6 2. g3 b5 3. d3 Bb7 4. e4 e6 5. Bg2 d5 6. exd5 Nxd5 7. O-O b4 8. c4 Nf6 9. a3 a5 10. axb4 axb4 11. Rxa8 Bxa8 12. Ne5 Bxg2 13. Kxg2 Bd6 14. Qa4+ Ke7 15. d4 c5 16. Nf3 Qd7 17. Qd1 Qb7 18. d5 exd5 19. Re1+ Kf8 20. cxd5 Nbd7 21. Nbd2 Qxd5 22. Nc4 Qxd1 23. Rxd1 Bc7 24. Nh4 g6 25. Bh6+ Ke7 26. Nf3 Ng4 27. Bc1 f6 28. Bf4 Nge5 29. Bxe5 Bxe5 30. Nfxe5 Nxe5 31. Nxe5 fxe5 32. Rd5 Rc8 33. Kf3 c4 34. Ke4 c3 35. bxc3 bxc3 36. Rd1 Ke6 37. Rc1 c2 38. Kd3 Kd5 39. f3 e4+ 40. fxe4+ Ke5 41. Ke3 g5 42. Kd3 Rc7 43. Ke3 Rc6 44. Kd3 Rc5 45. Ke3 h6 46. Kd3 Rc7 47. Ke3 Rc8 48. Kd3 h5 49. Ke3 Rc7 50. Kd3 Rc6 51. Ke3 Rc5 52. Kd3 g4 53. Ke3 Rc4 54. Kd3 Rd4+ 55. Kc3 Rd8 56. Rxc2 Rc8+ 57. Kd2 Rxc2+ 58. Kxc2 Kxe4 59. Kc3 Kf3 60. Kd4 Kg2 61. Ke5 Kxh2 62. Kf4 Kh3 63. Kg5 Kxg3 64. Kxh5 Kf3 0-1

[Event "CCT Julius Baer-D3 2024"]
[Site "Online"]
[Date "2024.09.28"]
[Round "53"]
[White "Makarian, Rudik"]
[Black "Bosiocic, Marin"]
[Result "1-0"]
[ECO "D37"]
[WhiteElo "2550"]
[BlackElo "2555"]
[Annotator "TA"]
[PlyCount "129"]
[EventDate "2024.09.25"]
[EventType "swiss"]
[EventCountry "NET"]
[SourceTitle "playchess.com"]
[Source "ChessBase"]
[SourceQuality "1"]
[TimeControl "600+2"]

1. d4 Nf6 2. c4 e6 3. Nf3 d5 4. Nc3 a6 5. cxd5 exd5 6. Bg5 Be6 7. e3 Nbd7 8. Bf4 Nh5 9. Bd3 c6 10. h3 Nxf4 11. exf4 g6 12. Qd2 Bg7 13. O-O O-O 14. Rae1 Nb6 15. Ne5 Nc8 16. Kh2 Nd6 17. g4 Re8 18. Rg1 f6 19. Nf3 Bf7 20. Kg3 Rxe1 21. Rxe1 Qd7 22. Re3 Qc7 23. Re2 Re8 24. b3 Rxe2 25. Qxe2 Ne8 26. h4 Bf8 27. Qe3 Bd6 28. Ne2 Ng7 29. Kg2 Ne6 (29... Be6 $17 30. g5 Qf7) 30. f5 $11 Nf4+ 31. Nxf4 Bxf4 32. Qe2 Qd8 33. Ng1 Kg7 34. Qf3 Bd6 35. Ne2 Qe7 36. a4 Qe8 37. Ng1 h5 38. g5 Qe7 39. Nh3 Bc7 40. Kf1 Be8 41. Qg2 (41. Nf4 $14 Bxf4 42. Qxf4) 41... Ba5 (41... Bd7 $11) 42. gxf6+ $16 Qxf6 43. Nf4 (43. Qg3 $1 $16 {Strongly threatening Nf4.} Qxd4 44. Nf4) 43... Kh6 {[%emt 0:00:13] [#]} (43... Qxd4 $2 44. Ne6+ (44. Nxg6 $2 Qxd3+ 45. Kg1 Qb1+ 46. Kh2 Qxf5 $19) 44... Kf7 45. Nxd4 $18) (43... Qxh4 $11 {remains equal.} 44. Qf3 g5 45. f6+ Kf8 46. Ne6+ Kf7) 44. Nxg6 (44. Qg3 $1 $16 {[%cal Rg3e3] Hoping for Qe3.} Bd2 (44... gxf5 45. Qe3 $16) 45. Ke2 (45. Nxg6 Bxg6 46. fxg6 Qf4 $14)) 44... Bxg6 $11 45. fxg6 Bd8 46. Qg3 Kg7 47. Qb8 Qe7 48. Kg2 Qxh4 49. Qxb7+ Be7 50. Kf1 (50. Qxc6 Qg4+ 51. Kh2 Qf3 $11 (51... Qxd4 52. Qc2 $11)) ({Better is} 50. Qd7 $14) 50... Qf6 (50... Qh3+ $11 {keeps the balance.} 51. Ke2 Qe6+ 52. Kd1 (52. Kd2 Qf6 $11) 52... Kh6) 51. Qd7 $16 ({Much weaker is} 51. Qxa6 $6 Qf3 $11 (51... Qxd4 52. Bc2 $16)) 51... a5 $2 {[%emt 0:00:07] [#]} (51... Qh4 $16 {is a better defense.} 52. Ke1 (52. Qxc6 Qh3+ 53. Ke2 Qg4+ 54. f3 Qg2+ 55. Ke3 Qg1+ 56. Ke2 Qg2+ 57. Ke3 Qg5+ 58. f4 Qg3+ 59. Ke2 Qg4+ 60. Ke3 Qg3+ 61. Ke2 Qg4+ 62. Ke3 Qg3+ $11) 52... Kh6) 52. b4 $1 $18 Kh6 53. bxa5 Qxd4 54. Qf5 Bc5 55. a6 Qa1+ $2 (55... Qxa4 $18 56. Kg2 Qg4+ 57. Qxg4 hxg4) 56. Kg2 Qd4 57. Kg3 $2 (57. a7 Bxa7 58. Qf8+ Kg5 59. f4+ Qxf4 60. Qxf4+ Kxf4 61. g7) 57... Bd6+ $2 (57... Kg7 58. a7 Bd6+ 59. Kg2 Qxa7 60. Qxh5 Qe7) 58. Kh3 $18 Bc5 59. Be2 Qe4 60. Qxh5+ Kg7 61. Qh7+ Kf6 62. Qf7+ Kg5 63. f4+ $1 Qxf4 64. Qxf4+ Kxf4 65. g7 1-0